 Dungeon Crawl Stone Soup version 0.25.1-8-g42b30a86e7 (webtiles) character file.

Game seed: 12902094112362493745

3403 landshark666 the Covert (level 9, -2/67 HPs)
             Began as a Vampire Assassin on Dec 17, 2020.
             Was a Believer of Trog.
             Slain by a troll (5 damage)
             ... on level 10 of the Dungeon.
             The game lasted 00:58:29 (6660 turns).

landshark666 the Covert (Vampire Assassin)          Turns: 6660, Time: 00:58:30

Health: -2/67      AC:  8    Str: 10    XL:     9   Next: 75%
Magic:  9/9        EV: 15    Int: 15    God:    Trog [**....]
Gold:   303        SH:  0    Dex: 17    Spells: 8/8 levels left

rFire    + . .     SeeInvis +   b - +2 dagger (venom)
rCold    . . .     Gourm    .   (no shield)
rNeg     + . .     Faith    .   D - +2 robe {rF+}
rPois    .         Spirit   .   (no helmet)
rElec    .         Reflect  .   j - +0 cloak
rCorr    .         Harm     .   l - +1 pair of gloves
MR       .....                  r - +0 pair of boots
Stlth    +++++.....             (no amulet)
HPRegen  0.41/turn              s - ring of positive energy
MPRegen  0.11/turn              (no ring)

@: regenerating quickly
A: no food, fangs 3, see invisible, unbreathing
a: Exsanguinate, Berserk, Trog's Hand, Renounce Religion


You were on level 10 of the Dungeon.
You worshipped Trog.
Trog was pleased with you.
You were alive.

You visited 2 branches of the dungeon, and saw 11 of its levels.

You collected 303 gold pieces.

Inventory:

Hand Weapons
 a - a +2 dagger
 b - a +2 dagger of venom (weapon)
 c - a +3 hand crossbow
 i - a +7 dagger of speed
 o - a +1 spear of flaming
 C - a +2 vorpal dire flail
 H - the +7 long sword of Fear {freeze, Int+4}
   (You took it off an orc on level 7 of the Dungeon)

   It has been specially enchanted to freeze those struck by it, causing extra
   injury to most foes and up to half again as much damage against particularly
   susceptible opponents.
   It can also slow down cold-blooded creatures.
   It affects your intelligence (+4).
Missiles
 d - 44 poisoned darts (quivered)
 e - 2 curare-tipped darts
Armour
 j - a +0 cloak (worn)
 l - a +1 pair of gloves (worn)
 n - a +3 scale mail
 r - a +0 pair of boots (worn)
 D - a +2 robe of fire resistance (worn)
Jewellery
 m - an uncursed ring of protection from fire {unknown}
 s - a ring of positive energy (left hand)
 F - a cursed ring of teleportation {unknown}
Wands
 w - a wand of digging (6)
 B - a wand of clouds (3)
Scrolls
 h - 6 scrolls of remove curse
 q - 2 scrolls of magic mapping {unknown}
 t - a scroll of enchant weapon {unknown}
 u - a scroll of fear
 v - a scroll of immolation {unknown}
 y - 2 scrolls of teleportation
 z - 3 scrolls of fog
 A - 3 scrolls of amnesia
 K - a scroll of identify
 L - a scroll of noise {unknown}
Potions
 f - 2 potions of degeneration {unknown}
 g - a potion of heal wounds
 k - 2 potions of cancellation {unknown}
 p - 2 potions of curing {unknown}
 x - a potion of mutation {unknown}
 E - a potion of berserk rage {unknown}
 G - 5 potions of might {unknown}
 I - a potion of brilliance {unknown}
 J - a potion of lignification {unknown}


   Skills:
 + Level 4.8 Fighting
 + Level 7.4 Short Blades
 + Level 7.0 Throwing
 + Level 4.9 Dodging
 + Level 11.3 Stealth


You had 8 spell levels left.
You didn't know any spells.
Your spell library was empty.

Dungeon Overview and Level Annotations

Branches:
Dungeon (10/15)            Temple (1/1) D:5
   Lair: D:8-11         Orc: D:9-12

Altars:
Ashenzari
Cheibriados
Dithmenos
Elyvilon
Fedhas
Gozag
Hepliaklqana
Kikubaaqudgha
Makhleb
Nemelex Xobeh
Okawaru
Qazlal
Ru
Sif Muna
Trog
Uskayaw
Vehumet
Wu Jian
Xom
Yredelemnul
Zin
The Shining One

Shops:
D:5 (

Annotations:
D:10 Josephine


Innate Abilities, Weirdness & Mutations

You do not eat.
Your natural rate of healing is unusually fast.
You have razor-sharp teeth.
You have supernaturally acute eyesight. (SInv)
You can survive without breathing.


Message History

The troll looks even sicker.
The troll bites you! The troll misses you. The troll claws you.
* * * LOW HITPOINT WARNING * * *
The gargoyle hits you but does no damage.
You hit the troll. You bite the troll, but do no damage.
The troll is moderately wounded.
The troll is engulfed in poison gas.
The troll looks even sicker.
The troll bites you.
* * * LOW HITPOINT WARNING * * *
The troll claws you but does no damage. The troll claws you.
* * * LOW HITPOINT WARNING * * *
The troll is engulfed in poison gas.
The troll looks as sick as possible!
The gargoyle closely misses you. The troll closely misses you.
The troll claws you but does no damage. The troll claws you.
* * * LOW HITPOINT WARNING * * *
The gargoyle hurls a stone arrow at you.
The stone arrow hits you!
* * * LOW HITPOINT WARNING * * *
The troll misses you. The troll claws you.
You die...

5.###
##....# .##
##..## #..#
..## #.§§§##
$.# ...#
#..§§§##..##
....#
####☼§.#...#
....#
##§§##..#
.....#
##..#..#
......#
#.9T..###
......#
##..@...#
...?...
#..####..#
...... ##..#
.>.# ###..##
. ###....#
##.....##
##......#
###.......##
#..........#


You could see a troll (extremely poisoned) and a gargoyle.

Vanquished Creatures
  Pikel (D:7)
  Grinder (D:4)
  Edmund (D:6)
  A black bear (D:9)
  2 sky beasts
  A phantom (D:9)
  4 ogres
  A centaur (D:7)
  3 bullfrogs
  3 big kobolds
  2 scorpions
  3 howler monkeys
  3 wights (D:8)
  A crimson imp (D:7)
  A centaur zombie (D:10)
  2 bullfrog skeletons
  A hound (D:7)
  A jelly (D:5)
  An orc priest (D:6)
  Jessica (D:2)
  2 centaur skeletons
  4 iguanas
  8 orc wizards
  3 worker ants
  A hound zombie (D:9)
  2 howler monkey zombies
  6 adders
  3 worms
  3 leopard geckos
  21 orcs
  6 bats
  A giant cockroach (D:7)
  3 goblins
  9 hobgoblins
  3 jackals (D:1)
  16 kobolds
  3 quokkas
  2 ball pythons
  5 frilled lizards
  A quokka skeleton (D:6)
  5 rats
141 creatures vanquished.

Vanquished Creatures (others)
  An orc wizard (D:7)
  2 orcs (D:7)
3 creatures vanquished.

Grand Total: 144 creatures vanquished

Notes
Turn   | Place    | Note
-------+----------+-------------------------------------------
     0 | D:1      | landshark666 the Vampire Assassin began the quest for the
                  | Orb.
     0 | D:1      | Reached XP level 1. HP: 16/16 MP: 1/1
    65 | D:1      | Reached skill level 6 in Stealth
   128 | D:1      | Reached XP level 2. HP: 14/22 MP: 2/2
   500 | D:2      | Noticed Jessica
   549 | D:2      | Reached skill level 7 in Stealth
   580 | D:2      | Found an ancient bone altar of Kikubaaqudgha.
   729 | D:2      | Reached XP level 3. HP: 27/27 MP: 3/3
   853 | D:2      | Killed Jessica
   905 | D:3      | Reached XP level 4. HP: 16/33 MP: 4/4
   960 | D:3      | Reached skill level 8 in Stealth
   993 | D:3      | Reached XP level 5. HP: 28/38 MP: 5/5
  1112 | D:3      | Found a faded altar of an unknown god.
  1452 | D:4      | Noticed Grinder
  1453 | D:4      | Found a glowing drain.
  1498 | D:4      | Killed Grinder
  1498 | D:4      | Reached XP level 6. HP: 23/46 MP: 6/6
  2010 | D:4      | Reached skill level 9 in Stealth
  2010 | D:4      | Reached XP level 7. HP: 51/51 MP: 7/7
  2296 | D:5      | Entered Level 5 of the Dungeon
  2668 | D:5      | Found a staircase to the Ecumenical Temple.
  2692 | Temple   | Entered the Ecumenical Temple
  2785 | Temple   | Became a worshipper of Trog the Wrathful
  2919 | D:5      | Found Kibb's Weapon Emporium.
  3027 | D:6      | Reached skill level 5 in Short Blades
  3032 | D:6      | Found a white marble altar of Elyvilon.
  3284 | D:6      | Reached * piety under Trog
  3381 | D:6      | Reached XP level 8. HP: 58/58 MP: 8/8
  3542 | D:6      | Noticed Edmund
  3549 | D:6      | Killed Edmund
  3596 | D:6      | Found a shadowy altar of Dithmenos.
  3600 | D:6      | Found a glowing silver altar of Zin.
  3856 | D:7      | Noticed Pikel
  3886 | D:7      | Killed Pikel
  3886 | D:7      | Reached skill level 5 in Throwing
  3886 | D:7      | Reached skill level 10 in Stealth
  3924 | D:7      | Found a stormy altar of Qazlal.
  3926 | D:7      | Found an opulent altar of Gozag.
  3928 | D:7      | Found a shimmering blue altar of Sif Muna.
  3930 | D:7      | Found a shattered altar of Ashenzari.
  3930 | D:7      | Found a glowing golden altar of the Shining One.
  3932 | D:7      | Found an iron altar of Okawaru.
  3933 | D:7      | Found a basalt altar of Yredelemnul.
  3958 | D:7      | Found a hide-covered altar of Uskayaw.
  4473 | D:7      | Reached XP level 9. HP: 52/65 MP: 9/9
  4631 | D:7      | Identified the +7 long sword of Fear {freeze, Int+4}
  4886 | D:8      | Reached ** piety under Trog
  5357 | D:9      | Reached skill level 11 in Stealth
  6432 | D:10     | Entered Level 10 of the Dungeon
  6437 | D:10     | Noticed Josephine
  6623 | D:10     | Noticed a gargoyle
  6628 | D:10     | Noticed a troll
  6660 | D:10     | HP: 3/67 [gargoyle/stone arrow (9)]
  6660 | D:10     | Slain by a troll

Illustrated notes

Levels and vault maps discovered:
D:1:      nzn_arrival_water_spiral, layout_rooms
D:2:      layout_rooms, kiku_gazebo_pond_becter, minivault_11,
          minmay_pentomino_z2, uniq_jessica
D:3:      layout_rooms, chequers_ecumenical_altar_simple
D:4:      layout_cave_pods, first_ration, cheibrodos_sewer_entry_drain,
          uniq_grinder
D:5:      layout_rooms, minmay_temple_entry_ruins, serial_shops,
          kennysheep_little_box
D:6:      layout_basic, elyvilon_altar_4, grunt_temple_overflow_open,
          due_unseen_surprise, uniq_sigmund, uniq_edmund
D:7:      layout_gridville, eat_drink_and_be_merry_uskayaw, minitemple,
          kennysheep_decorative_pillar, uniq_pikel
D:8:      layout_loops_corners, serial_shops, nicolae_shop_trees, shop_coins
D:9:      layout_cave_pods, minmay_hollow_rounded_squares
D:10:     layout_cave_pods, uniq_josephine
Temple:   compressed_dpeg_circular_temple

Skill      XL: |  1  2  3  4  5  6  7  8  9 |
---------------+----------------------------+-----
Stealth        | 6 7 8 9 10 11 | 11.3
Throwing       | 2 3 4 5 7 |  7.0
Fighting       | 2 3 4 |  4.8
Short Blades   | 4 5 6 7 |  7.4
Dodging        | 2 3 4 |  4.9

Action                   |  1- 3 |  4- 6 |  7- 9 || total
-------------------------+-------+-------+-------++-------
Melee: Dagger            |    60 |    98 |   341 ||   499
       Bite              |     7 |     5 |    41 ||    53
Throw: Dart              |    21 |    39 |   109 ||   169
Evoke: Wand              |       |       |     1 ||     1
  Use: Scroll            |     5 |     2 |     1 ||     8
       Potion            |       |     2 |     1 ||     3
 Stab: Sleeping          |     2 |     6 |     9 ||    17
       Distracted        |       |       |     1 ||     1
Armor: Robe              |    15 |    22 |    74 ||   111
Dodge: Dodged            |    35 |    46 |   157 ||   238
